 Dungeon Crawl Stone Soup version 0.31-a0-271-gb88eb75e06 (webtiles) character file.

Game seed: 16868097424794500648

17 Shard1697 the Magician (level 2, 20/20 HPs)
             Began as a Draconian Hedge Wizard on July 14, 2023.
             Was a Follower of Okawaru.
             Quit the game on level 1 of the Dungeon.
             The game lasted 00:01:24 (1006 turns).

Shard1697 the Magician (Draconian Hedge Wizard)     Turns: 1006, Time: 00:01:24

Health: 20/20      AC:  7    Str: 12    XL:     2   Next: 44%
Magic:  6/6        EV: 12    Int: 14    God:    Okawaru [*.....]
Gold:   106        SH:  0    Dex: 10    Spells: 4/7 levels left

rFire   . . .        j - +0 quarterstaff
rCold   . . .        (shield currently unavailable)
rNeg    . . .        (body armour unavailable)
rPois   .            b - +0 hat
rElec   .            (no cloak)
rCorr   .            (no gloves)
SInv    .            e - +2 pair of boots
Will    .....        (no amulet)
Stlth   ++           (no ring)
HPRegen 0.23/turn    (no ring)
MPRegen 0.10/turn

%: no passive effects
@: no status effects
A: AC +4, unfitting armour, cold-blooded
a: Renounce Religion, Heroism


You were on level 1 of the Dungeon.
You worshipped Okawaru.
Okawaru was aware of your devotion.
You visited 1 branch of the dungeon, and saw 1 of its levels.

You collected 106 gold pieces.

Inventory:

Hand Weapons
 a - a +0 dagger
 g - a +0 club
 j - a +0 quarterstaff (weapon)
Missiles
 k - a throwing net
Armour
 b - a +0 hat (worn)
 e - a +2 pair of boots (worn)
Scrolls
 h - a scroll of fear {unknown}
Potions
 c - 2 potions of magic
 d - a potion of ambrosia {unknown}
 f - 2 potions of curing {unknown}
 i - a potion of degeneration {unknown}


   Skills:
 - Level 1.7 Dodging
 - Level 1.7 Stealth
 - Level 3.0 Spellcasting
 + Level 1.9 Conjurations
 + Level 1.9 Summonings
 - Level 1.0 Translocations


You had 4 spell levels left.
You knew the following spells:

 Your Spells              Type           Power      Damage    Failure   Level
a - Magic Dart            Conj           28%        1d4       10%         1
b - Call Imp              Summ           14%        N/A       14%         2

Your spell library contained the following spells:

 Spells                   Type           Power      Damage    Failure   Level
 Slow                     Hex            8%         N/A       22%         1
 Blink                    Tloc           8%         N/A       22%         2
 Cigotuvi's Dreadful Rot  Necr/Pois/Air  4%         N/A       32%         2
 Mephitic Cloud           Conj/Pois/Air  3%         N/A       45%         3


Dungeon Overview and Level Annotations

Branches:
Dungeon (1/15)

Altars:
Okawaru


Innate Abilities, Weirdness & Mutations

Your plain brown scales are hard. (AC +4)
You cannot fit into any form of body armour.
You are cold-blooded and may be slowed by cold attacks.


Message History

You hit the quokka.
You kill the quokka!
The bat closely misses you. The bat barely misses you.
You sock the bat!
You kill the bat!
No target in view!
No target in view!
No target in view!
No target in view!
No target in view!
No target in view!
No target in view!
No target in view!
You enter the shallow water.
Moving in this stuff is going to be slow.
You enter the shallow water.
Moving in this stuff is going to be slow.
There is a faded altar of an unknown god here.
This altar belongs to (a) Okawaru, (b) Sif Muna or (c) Vehumet, but you can't tell which.
Press the corresponding letter to learn more about a god, or press enter to convert or escape to cancel.
Okawaru accepts your prayer! Okawaru welcomes you!
You can now gain great but temporary skills.
You enter the shallow water.
Moving in this stuff is going to be slow.
There is a stone staircase leading down here.
A giant cockroach comes into view.
The helpless giant cockroach fails to defend itself.
You thump the giant cockroach!
You kill the giant cockroach!
Okawaru accepts your kill.
No target in view!
A gnoll comes into view. It is wielding a +0 whip.
A gnoll is nearby!
Casting: Magic Dart (safe; 10% risk of failure)
Confirm with . or Enter, or press ? or * to list all spells.
Okay, then.
Casting: Magic Dart (safe; 10% risk of failure)
Confirm with . or Enter, or press ? or * to list all spells.
You cannot coerce anything to answer your summons.
Are you sure you want to abandon this character and quit the game? (Confirm with "yes".)

#.# ##...## #.##.# #.##
##+## #.. .. #..# #.#
### # #####.### #.#
#.......# ##.#####
#.###.#.# ##....... #.#
#.#.# #.....# #.#
#.#.######...######. #.#
#...........@....g..
#.#####.#######.#######.
#.......# #.# #########
#.. ####


You could see a gnoll (asleep).

Vanquished Creatures
  A dart slug (D:1)
  2 endoplasms (D:1)
  A giant cockroach (D:1)
  A hobgoblin (D:1)
  2 kobolds (D:1)
  A quokka (D:1)
  2 ball pythons (D:1)
  A bat (D:1)
  4 frilled lizards (D:1)
15 creatures vanquished.

Notes
Turn   | Place    | Note
-------+----------+-------------------------------------------
     0 | D:1      | Shard1697 the Draconian Hedge Wizard began the quest for
                  | the Orb.
     0 | D:1      | Reached XP level 1. HP: 14/14 MP: 4/4
   414 | D:1      | Reached XP level 2. HP: 20/20 MP: 1/6
   417 | D:1      | Learned a level 2 spell: Call Imp
   767 | D:1      | Found a faded altar of an unknown god.
   920 | D:1      | Prayed at the altar of an unknown god.
   920 | D:1      | Became a worshipper of Warmaster Okawaru
   920 | D:1      | Reached * piety under Okawaru
  1006 | D:1      | Quit the game

Illustrated notes

Levels and vault maps discovered:
D:1:      dpeg_arrival_tiny_k, layout_loops_corners,
          shapermc_ecumenical_altar_mp_ritualfount, nicolae_eternal_life,
          chequers_serial_rivers_large_a, minmay_tetromino_s4

Action                     || total
---------------------------++-------
  Melee: Dagger            ||    13
         Club              ||     4
         Tailslap          ||     2
         Quarterstaff      ||    16
   Cast: Magic Dart        ||    17
   Stab: Sleeping          ||     1
 Armour: Skin              ||    13
  Dodge: Dodged            ||    18

Table legend: (Time is in decaauts)
 A = Elapsed time spent in this place.
 B = Non-inter-level travel time spent in this place.
 C = Inter-level travel time spent in this place.
 D = Time resting spent in this place.
 E = Time spent auto-exploring this place.
 F = Levels seen in this place.
 G = Mean time per level.
                   A        B        C        D        E       F      G
               +--------+--------+--------+--------+--------+-----+--------+
         Total |   1019 |    966 |     53 |      2 |    808 |   1 | 1019.0 |
       Dungeon |   1019 |    966 |     53 |      2 |    808 |   1 | 1019.0 |
               +--------+--------+--------+--------+--------+-----+--------+

Top non-repeatable levels by time:
     D:1: 1019 daAuts
